[Event "*** Titled Tuesday Blitz"]
[Site "Chess.com"]
[Date "2020.04.21"]
[Round "4"]
[White "GracefulYear"]
[Black "pgradalski"]
[Result "0-1"]
[WhiteElo "2537"]
[BlackElo "2218"]
[TimeControl "180+1"]
[EndTime "10:40:48 PDT"]
[Termination "pgradalski won on time"]

1. d4 d5 2. c4 c6 3. Nf3 Nf6 4. cxd5 cxd5 5. Nc3 Nc6 6. Bf4 e6 7. e3 Bd7 8. Bd3 a6 9. a3 Be7 10. Rc1 O-O 11. O-O b5 12. b4 Qb6 13. Bg3 Rfc8 14. Nb1 a5 15. Nc3 axb4 16. axb4 Nxb4 17. Ne5 Nxd3 18. Nxd7 Nxd7 19. Qxd3 b4 20. Ne2 Nf6 21. Bh4 h6 22. f4 Rcb8 23. g4 Qb5 24. Qd2 b3 25. g5 Ne4 26. Qe1 b2 27. Rb1 Qd3 28.
Ng3 Ra1 29. Nxe4 dxe4 30. Rxa1 bxa1=Q 31. Qxa1 Qxe3+ 32. Kh1 hxg5 33. Bg3 g4 34. f5 Rd8 35. fxe6 fxe6 36. Qa7 Bf6 37. Qc7 Rxd4 38. Qc8+ Kh7 39. Qxe6 Rd2 40. Qf5+ Kg8 41. Qe6+ Kh7 42. Qf5+ Kg8 43.
Qc8+ Kh7 44. Qxg4 Qe2 45. Qf5+ g6 46. Qh3+ Kg7 0-1

[Event "*** Titled Tuesday Blitz"]
[Site "Chess.com"]
[Date "2020.04.21"]
[Round "4"]
[White "Batica1984"]
[Black "Shant_Sargsyan"]
[Result "0-1"]
[WhiteElo "2774"]
[BlackElo "2994"]
[TimeControl "180+1"]
[EndTime "10:40:49 PDT"]
[Termination "Shant_Sargsyan won on time"]

1. e4 c5 2. Nf3 d6 3. d4 cxd4 4. Nxd4 Nf6 5. Nc3 Nc6 6. Bg5 e6 7. Qd2 a6 8. O-O-O Bd7 9. f4 h6 10. Bh4 b5 11. Bxf6 gxf6 12. Kb1 Qb6 13. Nce2 Rc8 14. h4 h5 15. Rh3 Na5 16. b3 Nc6 17.
Rd3 Be7 18. g3 Nxd4 19. Nxd4 a5 20. Re3 b4 21. Qe1 a4 22. Bc4 Rc5 23. Nf5 exf5 24. exf5 Qd8 25. Rxd6 Kf8 26. Rd4 axb3 27. Bxb3 Rc3 28. Rxc3 bxc3 29. Qd1 Ke8 30. Qd3 Qc8 31.
Rc4 Qa8 32. Qxc3 Bxf5 33. Rc7 Qd8 34. Qc4 Rh7 35. Kb2 Rg7 36. Rb7 Kf8 37. Qb5 Qd4+ 38. Kb1 Rxg3 39. Rb8+ Kg7 0-1

[Event "*** Titled Tuesday Blitz"]
[Site "Chess.com"]
[Date "2020.04.21"]
[Round "4"]
[White "XiaoKangZhong"]
[Black "HrvojeZagreb"]
[Result "1-0"]
[WhiteElo "2367"]
[BlackElo "2126"]
[TimeControl "180+1"]
[EndTime "10:40:49 PDT"]
[Termination "XiaoKangZhong won by resignation"]

1. e4 e6 2. d4 d5 3. Nd2 dxe4 4. Nxe4 Nd7 5. Nf3 Ngf6 6. Bd3 b6 7. O-O Bb7 8. Qe2 Be7 9. c3 O-O 10. Bf4 Nxe4 11.
Bxe4 Bxe4 12. Qxe4 c5 13. Rad1 Nf6 14. Qe2 Qc8 15. Rfe1 Rd8 16. dxc5 Qxc5 17. Be3 Qh5 18. Rxd8+ Rxd8 19. Rd1 Rxd1+ 20. Qxd1 Nd5 21. Bd4 Nf4 22.
Be5 Ng6 23. Bg3 Qb5 24. Qd2 f6 25. h4 e5 26. b3 Nf8 27. c4 Qd7 28. Qe2 Bc5 29.
Nd2 Ne6 30. Qg4 Qc6 31. Ne4 Nd4 32. Nxc5 bxc5 33. h5 Qe6 34. Qxe6+ Nxe6 35. f3 Kf7 36. Bf2 Nd4 37. Kf1 Ke6 38. Be3 f5 39. Kf2 f4 40.
Bc1 Kf5 41. Ba3 Ne6 42. Bb2 Nd4 43. Bc3 Kg5 44. Ba5 Kxh5 45. Bc7 Nc6 46. Bd6 Kg5 47.
Bxc5 Kf5 48. b4 a6 49. a4 g5 50. b5 axb5 51. cxb5 Nd8 52. a5 Ke6 53. a6 Kd7 54.
a7 Nb7 55. a8=Q Nxc5 56. Qc6+ Ke7 57. Qxc5+ Kf7 58. b6 1-0

[Event "*** Titled Tuesday Blitz"]
[Site "Chess.com"]
[Date "2020.04.21"]
[Round "4"]
[White "Andreikka"]
[Black "AliKa2810"]
[Result "1-0"]
[WhiteElo "2950"]
[BlackElo "2585"]
[TimeControl "180+1"]
[EndTime "10:40:50 PDT"]
[Termination "Andreikka won by resignation"]

1. c4 Nf6 2. Nc3 g6 3. e4 d6 4. d4 Bg7 5. Nf3 O-O 6. Be2 e5 7. O-O Nc6 8. d5 Ne7 9. b4 a5 10. bxa5 Rxa5 11. a4 Nh5 12. Re1 b6 13. Ra3 h6 14.
Bd2 Ra8 15. Nb5 f5 16. exf5 Nxf5 17. Bd3 Nh4 18. Nxh4 Qxh4 19. g3 Qf6 20. Be3 Bh3 21.
Nxc7 Nf4 22. Be4 Rac8 23. Bxb6 Rxc7 24. gxf4 Rb7 25. Rxh3 Rxb6 26. Qg4 Qxf4 27. Qxf4 Rxf4 28. a5 Rb2 29. Ra3 Bf6 30. f3 Bh4 31. Rf1 Rf7 32. c5 dxc5 33. d6 Ra7 34. a6 Bd8 35. Rb1 Rxb1+ 36.
Bxb1 c4 37. Ba2 Kf7 38. Bxc4+ Kf6 39. Bb5 Bb6+ 40. Kg2 Ke6 41. d7 Ke7 42. Rc3 Kd6 43.
Rc6+ Kxd7 44. Rxb6+ Kc7 45. Rxg6 Ra8 46. Rg7+ Kb6 47.
Rb7+ Ka5 48. a7 Rg8+ 49. Kf2 Rf8 50. Rb8 1-0

[Event "*** Titled Tuesday Blitz"]
[Site "Chess.com"]
[Date "2020.04.21"]
[Round "4"]
[White "AniJak"]
[Black "GMartin_Petrov"]
[Result "0-1"]
[WhiteElo "2256"]
[BlackElo "2510"]
[TimeControl "180+1"]
[EndTime "10:40:50 PDT"]
[Termination "GMartin_Petrov won by resignation"]

1. e4 c5 2. Nf3 d6 3. Bb5+ Nd7 4. O-O Nf6 5. Re1 e5 6. c3 a6 7. Bf1 Be7 8. d4 O-O 9. dxe5 Nxe5 10. Nxe5 dxe5 11.
Qc2 b5 12. Bg5 Bb7 13. Nd2 Ng4 14. Bxe7 Qxe7 15. h3 Nf6 16. a4 Bc6 17. axb5 axb5 18. g4 h6 19. Bg2 Rfd8 20. Nf1 Qb7 21. Ng3 g6 22. Rxa8 Qxa8 23. Qc1 Kg7 24. Qe3 c4 25.
Qc5 Nd7 26. Qe7 Re8 27. Qd6 Re6 28. Qc7 Nc5 29. Kh2 Nd3 30. Re2 Qb7 31. Qd8 Re8 32. Qd6 Qd7 33. Qxd7 Bxd7 34. Rd2 Be6 35. Bf1 Nc5 36.
Rd6 Rb8 37. Ne2 Kf8 38. Bg2 Ke7 39. Rc6 Nd3 40. Kg3 Nxb2 41. f4 Kd7 42. Ra6 exf4+ 43. Nxf4 Nd3 44. Nd5 Bxd5 45. exd5 b4 46. cxb4 Rxb4 47.
Ra7+ Kd6 48. Rxf7 c3 49. Rf6+ Kd7 50. Rc6 Rb3 51. Kf3 c2 52. Ke2 c1=Q 53. Rxc1 Nxc1+ 54. Kd2 Rb2+ 55. Kxc1 Rxg2 0-1

[Event "*** Titled Tuesday Blitz"]
[Site "Chess.com"]
[Date "2020.04.21"]
[Round "4"]
[White "Glidzhian_Gor"]
[Black "Hangar-18"]
[Result "1-0"]
[WhiteElo "2443"]
[BlackElo "2232"]
[TimeControl "180+1"]
[EndTime "10:40:50 PDT"]
[Termination "Glidzhian_Gor won by checkmate"]

1. e4 c5 2. d4 cxd4 3. c3 dxc3 4. Nxc3 e6 5. Bc4 a6 6. Nf3 Nc6 7. O-O Nge7 8. Bg5 f6 9. Be3 Ng6 10. Qe2 b5 11. Bb3 Na5 12. Bc2 Be7 13. h4 O-O 14. h5 Ne5 15. h6 g6 16. Rfd1 Nac4 17.
Bf4 Bb7 18. Bb3 Qe8 19. Rac1 Bc6 20. Bxe5 Nxe5 21. Nd5 Rc8 22. Nd4 exd5 23. exd5 Kh8 24. dxc6 Nxc6 25. Nxc6 dxc6 26. Re1 Bb4 27. Qxe8 Rfxe8 28. Rxe8+ Rxe8 29. Rxc6 a5 30. Rxf6 a4 31. Bd5 Bd2 32.
f4 Be3+ 33. Kf1 Bd4 34. Rf7 Bxb2 35. Bc6 Rb8 36. Bxb5 a3 37. Bc4 Bd4 38. g4 Bc5 39. Ke2 Rf8 40. Rg7 Bd6 41. f5 gxf5 42. gxf5 Bf4 43.
Ra7 Bxh6 44. Be6 Bc1 45. Kf3 Bb2 46. Kg4 Rd8 47. Rc7 Bg7 48. Kh5 Ra8 49. Kg5 Bf8 50.
f6 Ra5+ 51. Bf5 Ra8 52. Rxh7+ Kg8 53. f7# 1-0

[Event "*** Titled Tuesday Blitz"]
[Site "Chess.com"]
[Date "2020.04.21"]
[Round "4"]
[White "Crazy_girl99"]
[Black "arjwezhrtdrz"]
[Result "1-0"]
[WhiteElo "2417"]
[BlackElo "2155"]
[TimeControl "180+1"]
[EndTime "10:40:50 PDT"]
[Termination "Crazy_girl99 won by resignation"]

1. e4 e6 2. d4 d5 3. Nd2 dxe4 4.
Nxe4 Bd7 5. Bd3 Bc6 6. Nf3 Nd7 7. Qe2 Ngf6 8. Bf4 Bxe4 9. Bxe4 Nxe4 10. Qxe4 c6 11. O-O Be7 12. c4 O-O 13. h3 Nf6 14. Qe2 Bd6 15. Ne5 Qe7 16. Rfd1 Rfd8 17. a3 Ne8 18.
Qg4 Bxe5 19. dxe5 Rxd1+ 20. Rxd1 Rd8 21. Be3 a6 22. Bb6 Rd7 23. b4 g6 24. Qe2 Ng7 25. Rd3 Nh5 26. g3 Ng7 27. Kg2 h5 28. h4 Nf5 29.
Qd2 Rxd3 30. Qxd3 Nh6 31. Bc5 Qe8 32. Qd6 Qc8 33. a4 Nf5 34. Qd3 Ng7 35. Bd6 Nf5 36. Bc5 Ng7 37. Be7 Nf5 38. Bf6 Kh7 39. f3 Nh6 40.
Kh3 Ng8 41. Bg5 Qe8 42. c5 Kg7 43. g4 hxg4+ 44. fxg4 f6 45. exf6+ Nxf6 46. Qd4 Qe7 47. Qe5 Kf7 48. h5 gxh5 49. gxh5 Qd8 50. Qe3 Qd5 51. h6 Qf5+ 52. Kg3 Qg6 53. Qf4 Ke7 54. h7 Kf7 55.
Qxf6+ 1-0

[Event "*** Titled Tuesday Blitz"]
[Site "Chess.com"]
[Date "2020.04.21"]
[Round "4"]
[White "Kavyev_Ruslan"]
[Black "Rakesh"]
[Result "1-0"]
[WhiteElo "2584"]
[BlackElo "2392"]
[TimeControl "180+1"]
[EndTime "10:40:52 PDT"]
[Termination "Kavyev_Ruslan won on time"]

1. e4 c5 2. Nf3 e6 3. d4 cxd4 4. Nxd4 a6 5. Bd3 Nc6 6. Nxc6 dxc6 7. c4 e5 8. Nc3 Nf6 9. O-O Bc5 10. h3 Be6 11.
Qe2 Qe7 12. Be3 O-O-O 13. a3 h6 14. b4 Bd4 15. Rfc1 g5 16. Rab1 g4 17. hxg4 Nxg4 18.
Bxd4 exd4 19. f3 Ne3 20. Nd5 cxd5 21. cxd5+ Kb8 22. dxe6 Rhg8 23. g4 fxe6 24. b5 a5 25. b6 h5 26. Rc7 Qd6 27. e5 hxg4 28. exd6 gxf3+ 29. Kf2 fxe2 30. Kxe2 Rg2+ 31. Kf3 Rf8+ 32. Ke4 Nd5 33. Ke5 Rg5+ 34. Kxe6 Rf6+ 35. Kd7 Rg7+ 36. Ke8 Rg8+ 37. Kd7 Rg7+ 38. Ke8 Rg8+ 39. Kd7 Rf7+ 40. Ke6 Rf6+ 41. Kxd5 Rg5+ 42. Kc4 Rxd6 43. Re1 Rxb6 44. Ree7 a4 45. Be4 Ka7 46. Rxb7+ Rxb7 47. Rxb7+ Ka6 48.
Rb4 Ka5 49. Kxd4 Rc5 50. Kxc5 1-0

[Event "*** Titled Tuesday Blitz"]
[Site "Chess.com"]
[Date "2020.04.21"]
[Round "4"]
[White "AndrewMaco"]
[Black "chenrip"]
[Result "1-0"]
[WhiteElo "2572"]
[BlackElo "2375"]
[TimeControl "180+1"]
[EndTime "10:40:52 PDT"]
[Termination "AndrewMaco won by resignation"]

1. e4 e6 2. d4 d5 3. Nc3 Bb4 4.
e5 c5 5. a3 Bxc3+ 6. bxc3 Ne7 7.
Nf3 Nbc6 8. h4 Bd7 9. h5 h6 10. Bd3 Qa5 11. O-O c4 12. Be2 b5 13. Bd2 Qc7 14.
Nh4 Nf5 15. Nxf5 exf5 16. Bf3 Be6 17. a4 b4 18. a5 Rb8 19. Be3 Nxa5 20. cxb4 Rxb4 21.
Bd2 Rb5 22. Bc3 O-O 23. Qd2 Nc6 24. Ra6 Rfb8 25. Raa1 Qb6 26. g3 a5 27. Kh2 Ra8 28. Bg2 a4 29. Bh3 a3 30. Rg1 a2 31. g4 Ne7 32. g5 f4 33. gxh6 Bxh3 34. Rxg7+ Kh8 35.
Qxf4 Nf5 36. Rxf7 Qxh6 37. Qf3 Rb1 38. Kxh3 Ng7 39. Kh4 Rxa1 40. Bxa1 Rg8 41. Qf6 Qc1 42. h6 Qh1+ 43. Kg3 Qg1+ 44. Kf3 Qd1+ 45. Ke3 Qc1+ 46.
Kf3 Qd1+ 47. Kg2 Qg4+ 48. Kh2 Qh5+ 49. Kg3 Kh7 50. Rxg7+ Kh8 51. Rxg8+ 1-0

[Event "*** Titled Tuesday Blitz"]
[Site "Chess.com"]
[Date "2020.04.21"]
[Round "4"]
[White "r31415"]
[Black "temus_galaktionov"]
[Result "0-1"]
[WhiteElo "2368"]
[BlackElo "2747"]
[TimeControl "180+1"]
[EndTime "10:40:52 PDT"]
[Termination "temus_galaktionov won on time"]

1. e4 c6 2. d4 g6 3. Nc3 Bg7 4. Be3 d6 5. f3 Nd7 6. Qd2 e5 7. Nge2 Ne7 8. g4 f6 9. O-O-O Qa5 10. Kb1 Nb6 11. Ng3 Be6 12. a3 Nc4 13. Bxc4 Bxc4 14. dxe5 dxe5 15. g5 O-O 16. gxf6 Bxf6 17. h4 Rad8 18. Qg2 Rxd1+ 19. Rxd1 Be6 20. h5 Kf7 21. hxg6+ hxg6 22. Rh1 Rh8 23. Rxh8 Bxh8 24. Qh2 Bg7 25. Qh7 Qd8 26. Qh2 b6 27. Kc1 c5 28. Bg5 Qd7 29. Qd2 Qxd2+ 30. Kxd2 Bf6 31. Be3 Ke8 32. Nb5 Nc6 33.
Nc7+ Kd7 34. Nxe6 Kxe6 35. Ne2 Na5 36. b3 Nc6 37. Nc3 Ne7 38. Nb5 a5 39. Nc7+ Kd6 40. Ne8+ Ke6 41. Nc7+ Kd6 42. Ne8+ Ke6 43. Kc3 Bh4 44.
Kc4 Kd7 45. Ng7 Bf6 46. Kb5 Nc8 47. Bh6 Bd8 48. Kc4 Nd6+ 49. Kd5 Nf7 50. Be3 Bg5 51. Bf2 Nd8 52. b4 axb4 53. axb4 cxb4 54. Bxb6 Nc6 55. Ne6 Be7 0-1

[Event "*** Titled Tuesday Blitz"]
[Site "Chess.com"]
[Date "2020.04.21"]
[Round "4"]
[White "tigra"]
[Black "Gennady_Kozlov"]
[Result "0-1"]
[WhiteElo "2776"]
[BlackElo "2582"]
[TimeControl "180+1"]
[EndTime "10:40:53 PDT"]
[Termination "Gennady_Kozlov won by checkmate"]

1. e4 e6 2. d4 d5 3. Nc3 Nf6 4. e5 Nfd7 5. f4 c5 6. Nf3 Nc6 7. Be3 Qb6 8. Na4 Qa5+ 9. c3 cxd4 10. b4 Nxb4 11. cxb4 Bxb4+ 12. Bd2 Bxd2+ 13. Nxd2 a6 14. Nb2 Nc5 15. Qg4 Qc3 16. Qxg7 Rf8 17. Rd1 Qe3+ 18. Be2 d3 19. Qg4 dxe2 20. Qxe2 Qxf4 21. g3 Qd4 22. Nb3 Qc3+ 23. Kf2 Nxb3 24. axb3 Qxb3 25. Kg2 Bd7 26.
Qd2 Bc6 27. Rhf1 O-O-O 28. Nd3 d4+ 29. Kh3 Qc3 30. Qe2 Kb8 31. Rc1 Qa5 32. Rc5 Qb6 33. Qd2 Rd5 34. Rfc1 Rxc5 35. Nxc5 Rd8 36. Qd3 Qb5 37.
Qxh7 d3 38. Qh4 Rd5 39. Ne4 d2 40. Rd1 Rd4 41. Qh8+ Ka7 42. Nd6 Bg2+ 43. Kxg2 Qe2+ 44. Kh3 Qxd1 45. Nc8+ Kb8 46. Nd6+ Ka7 47. Nc8+ Kb8 48. Nd6+ Kc7 49. Qc8+ Kb6 50. Qxb7+ Ka5 51. Qc7+ Ka4 52.
Qc6+ Kb3 53. Qb6+ Kc3 54. Qc5+ Kd3 55. Qa3+ Ke2 56. Qb2 Qf1# 0-1

[Event "*** Titled Tuesday Blitz"]
[Site "Chess.com"]
[Date "2020.04.21"]
[Round "4"]
[White "pedromartinez91"]
[Black "LionTheLeon_06"]
[Result "1/2-1/2"]
[WhiteElo "2431"]
[BlackElo "2623"]
[TimeControl "180+1"]
[EndTime "10:40:53 PDT"]
[Termination "Game drawn by repetition"]

1. e4 c5 2. Nf3 d6 3. Bb5+ Nd7 4. d4 cxd4 5. Qxd4 a6 6. Bxd7+ Bxd7 7. c4 Rc8 8. Nc3 Nf6 9. O-O e6 10. Bg5 Be7 11.
e5 dxe5 12. Nxe5 Bc6 13. Qh4 O-O 14. Rad1 Qa5 15. Ng4 Qf5 16. Bxf6 Bxf6 17. Nxf6+ Qxf6 18. Qxf6 gxf6 19. Rd4 Rfd8 20. Rfd1 Rxd4 21. Rxd4 f5 22. f4 Kf8 23. Kf2 Ke7 24. b4 h5 25. g3 h4 26. a4 hxg3+ 27. hxg3 Rh8 28. b5 Rh2+ 29. Ke3 Be8 30. c5 axb5 31. axb5 Rb2 32. Rd6 Rb3 33. Kd2 Bxb5 34. Kc2 Bc4 35. Rd4 Rb4 36. Kc1 f6 37.
Kd2 Rb2+ 38. Kc1 Rb4 39. Na2 Ra4 40. Nc3 Rb4 1/2-1/2

[Event "*** Titled Tuesday Blitz"]
[Site "Chess.com"]
[Date "2020.04.21"]
[Round "4"]
[White "AttilaTurzo"]
[Black "Leo_C"]
[Result "1-0"]
[WhiteElo "2471"]
[BlackElo "2286"]
[TimeControl "180+1"]
[EndTime "10:40:53 PDT"]
[Termination "AttilaTurzo won by resignation"]

1. e4 c5 2. Nf3 Nc6 3. d4 cxd4 4. Nxd4 Nf6 5. Nc3 e5 6. Ndb5 d6 7. Bg5 a6 8. Na3 b5 9. Bxf6 gxf6 10. Nd5 f5 11. Bd3 Be6 12. Qh5 Bg7 13. O-O O-O 14.
exf5 Bxd5 15. f6 h6 16. Qf5 e4 17. fxg7 Kxg7 18. Qxd5 exd3 19. Qxc6 dxc2 20. Nxc2 Rc8 21. Qe4 Rc4 22. Qe2 Re8 23. Ne3 Rce4 24. Rad1 d5 25. Qf3 d4 26. Nf5+ Kh7 27. Qh5 Qf6 28. Ng3 Rf4 29. Qd5 Rd8 30. Nh5 Rxd5 31. Nxf6+ Rxf6 32. Rd3 Rc6 33. Rfd1 Rc2 34. R3d2 Rdc5 35. Kf1 Rxd2 36. Rxd2 Rc1+ 37. Ke2 Ra1 38. a3 Rh1 39. h3 Rg1 40. g3 Rc1 41. Rxd4 Rc2+ 42. Rd2 Rc6 43. g4 Kg6 44.
Kf3 f5 45. Kf4 Rc4+ 46. Kg3 Rc6 47. Rd5 fxg4 48. hxg4 Rc2 49. Rd6+ Kg7 50. Rxa6 Rxb2 51. f3 Rb3 52. Kf4 Kf7 53. Rxh6 Rxa3 54. Rb6 Rb3 55. g5 b4 56. Kg4 Rb1 57. f4 b3 58. Kf5 b2 59.
Rb7+ Ke8 60. g6 Kf8 61. Kf6 Ke8 62. g7 Rg1 63. Rxb2 1-0

[Event "*** Titled Tuesday Blitz"]
[Site "Chess.com"]
[Date "2020.04.21"]
[Round "4"]
[White "Yanidze"]
[Black "Danfii"]
[Result "0-1"]
[WhiteElo "2444"]
[BlackElo "2299"]
[TimeControl "180+1"]
[EndTime "10:40:53 PDT"]
[Termination "Danfii won by resignation"]

1. d4 Nf6 2. c4 e6 3. Nc3 Bb4 4. e3 O-O 5. Ne2 Re8 6. a3 Bf8 7.
Ng3 d5 8. Bd3 b6 9. cxd5 exd5 10.
O-O Bb7 11. Qf3 c5 12. Bc2 Nc6 13. Rd1 cxd4 14. exd4 Bc8 15. Bg5 Bg4 16. Qxg4 Nxg4 17. Bxd8 Raxd8 18. Ba4 Re6 19. Nge2 a6 20. Nf4 Red6 21.
Nfxd5 b5 22. Bb3 Na5 23. Ba2 Nc4 24. Bxc4 bxc4 25. h3 Nh6 26. Ne3 Rxd4 27. Nxc4 Rxd1+ 28. Rxd1 Rc8 29. Nb6 Rb8 30. Ncd5 Nf5 31. b4 f6 32. Rc1 Bd6 33. Rc8+ Rxc8 34. Nxc8 Be5 35. Nce7+ Nxe7 36. Nxe7+ Kf7 37. Nc6 Bb2 38. a4 Bc3 39. Nb8 Bxb4 40.
Nxa6 Bd6 41. g4 Ke7 42. Kg2 Kd7 43. Kf3 Kc6 44. Ke4 Kb7 45. Kf5 Kxa6 46. Ke6 Be5 47. Kf7 g5 48. Kg7 Ka5 49. Kxh7 Kxa4 50. Kg6 Kb4 51. Kh5 Kc4 52. h4 gxh4 53. Kxh4 Bf4 54. Kh5 Kd5 55. Kg6 Ke5 56. f3 Bg5 57. Kh5 Kf4 58.
Kg6 Kxf3 59. Kf5 Kg3 60. Ke4 Kxg4 0-1

[Event "*** Titled Tuesday Blitz"]
[Site "Chess.com"]
[Date "2020.04.21"]
[Round "4"]
[White "KetiTsatsalashvili"]
[Black "White_Ghost"]
[Result "0-1"]
[WhiteElo "2230"]
[BlackElo "2441"]
[TimeControl "180+1"]
[EndTime "10:40:53 PDT"]
[Termination "White_Ghost won on time"]

1. d4 d5 2. Nf3 Nf6 3. Bf4 c5 4. e3 e6 5. c3 Nbd7 6. Bd3 Qb6 7. Qc1 Bd6 8. Bg3 O-O 9. Nbd2 Re8 10. Ne5 Bxe5 11.
dxe5 Ng4 12. Nf3 Qc7 13. Qc2 h6 14. Qa4 c4 15. Bb1 Rd8 16. Qc2 g6 17. h4 h5 18.
Ng5 Ngxe5 19. O-O Qc5 20. b4 Qe7 21. a4 Nd3 22. Qe2 Nf6 23. Bxd3 cxd3 24. Qxd3 e5 25. Rad1 Bf5 26. Qd2 Rac8 27. Rfe1 a5 28. bxa5 Rc4 29.
Nf3 Ne4 30. Qb2 Nxg3 31. fxg3 Be4 32. Nd2 Rxa4 33. c4 Bf5 34. cxd5 Bg4 35. e4 Bxd1 36. Rxd1 Rxa5 37. Nc4 Qc5+ 38. Kh2 Qxc4 39. Qxb7 Raa8 40. Qe7 Qxe4 41. Qf6 Qf5 42. Qe7 Qd7 43. Qf6 Qf5 44.
Qe7 Rd7 45. Qc5 Rad8 46. d6 e4 47. Qe3 Rxd6 48. Re1 Rd3 49. Qe2 Qg4 50. Qxe4 Qxe4 51. Kh1 Qxe1+ 52. Kh2 Qxg3+ 0-1

[Event "*** Titled Tuesday Blitz"]
[Site "Chess.com"]
[Date "2020.04.21"]
[Round "4"]
[White "Zurability"]
[Black "enriquetejedor"]
[Result "1-0"]
[WhiteElo "2730"]
[BlackElo "2518"]
[TimeControl "180+1"]
[EndTime "10:40:55 PDT"]
[Termination "Zurability won on time"]

1. c4 c6 2. Nf3 d5 3. g3 Nf6 4.
Bg2 Bf5 5. O-O e6 6. d3 h6 7. Be3 Nbd7 8. Qb3 Qc8 9. Nc3 a6 10. Rac1 Be7 11. cxd5 exd5 12. Nd4 Nc5 13. Qd1 Bh3 14.
b4 Bxg2 15. Kxg2 Ne6 16. Na4 Ng5 17. f4 Qh3+ 18. Kh1 Ng4 19. Bg1 Ne6 20. Nxe6 fxe6 21. Rf3 O-O 22. Qf1 Qxf1 23. Rfxf1 Bxb4 24. Rb1 a5 25.
Bc5 Rfb8 26. a3 Bd2 27. Rb2 Be3 28. h3 Bxc5 29. Nxc5 Ne3 30. Rfb1 b5 31. Nxe6 b4 32. Kg1 Kh7 33. Kf2 bxa3 34. Rxb8 Rxb8 35. Rxb8 a2 36. Kxe3 a1=Q 37. Nf8+ Kg8 38. Ng6+ Kf7 39. f5 Qg1+ 40. Kd2 1-0

[Event "*** Titled Tuesday Blitz"]
[Site "Chess.com"]
[Date "2020.04.21"]
[Round "4"]
[White "Dynamikus"]
[Black "ChessWarrior7197"]
[Result "1-0"]
[WhiteElo "2736"]
[BlackElo "2875"]
[TimeControl "180+1"]
[EndTime "10:40:56 PDT"]
[Termination "Dynamikus won by resignation"]

1. e4 c5 2. Nf3 d6 3. d4 cxd4 4. Nxd4 Nf6 5. Nc3 a6 6. Be3 Ng4 7. Bc1 Nf6 8. Be3 e5 9. Nb3 Be6 10. h3 Be7 11. f4 exf4 12. Bxf4 Nc6 13. Qe2 O-O 14. O-O-O Bxb3 15. cxb3 Qa5 16. Kb1 Ne5 17. g4 Rfe8 18. g5 Nfd7 19. h4 Bf8 20. h5 Nc5 21. Nd5 Ne6 22. Be3 Qd8 23. Qg2 Rc8 24. Be2 Rc6 25.
Rhg1 Nc7 26. Bb6 Qd7 27. Bxc7 Rxc7 28. Nf6+ gxf6 29. gxf6+ Ng6 30. hxg6 fxg6 31. Bc4+ Rxc4 32. bxc4 Qe6 33. e5 Qxe5 34. f7+ Kxf7 35. Qxb7+ Kg8 36. Rge1 Qf5+ 37. Ka1 Rxe1 38. Rxe1 h5 39. Qxa6 h4 40. Qa8 h3 41. a4 Kh7 42. Rh1 Bg7 43. Qd5 Qg4 44.
Qd3 Bxb2+ 45. Ka2 Kg7 46. Qxh3 Qxc4+ 47. Kxb2 Qb4+ 48. Qb3 Qd2+ 49. Ka3 Qd4 50. Rd1 Qc5+ 51. Ka2 Qe5 52. Qb2 Kf6 53. a5 1-0

[Event "*** Titled Tuesday Blitz"]
[Site "Chess.com"]
[Date "2020.04.21"]
[Round "4"]
[White "Harsha_Bharathakoti"]
[Black "Flawless_Fighter"]
[Result "1-0"]
[WhiteElo "2793"]
[BlackElo "2548"]
[TimeControl "180+1"]
[EndTime "10:40:56 PDT"]
[Termination "Harsha_Bharathakoti won on time"]

1. c4 Nf6 2. Nc3 e6 3. Nf3 d5 4. e3 Be7 5. b3 O-O 6. Bb2 c5 7.
cxd5 exd5 8. d4 Nc6 9. Be2 Ne4 10. O-O Bf6 11. Rc1 Qa5 12. Nxd5 cxd4 13. Nxf6+ Nxf6 14. Nxd4 Qxa2 15. Qc2 Nxd4 16. Bxd4 Qxc2 17. Rxc2 Be6 18.
b4 a6 19. Bxf6 gxf6 20. Bf3 Rab8 21. Rc7 b6 22. Ra1 Rfc8 23. Ra7 Rc4 24. R7xa6 Rxb4 25. h3 Rb2 26. Ra8 Rxa8 27. Rxa8+ Kg7 28. Rd8 b5 29. Bd5 Rd2 30. e4 f5 31. f3 f4 32.
h4 h5 33. Kh2 Kf6 34. Kg1 Ke7 35. Rb8 Bxd5 36. exd5 Rxd5 37. Rb7+ Kf6 38. Kf2 Rd2+ 39. Kf1 Rb2 40. Rb6+ Ke5 41. Rb7 f6 42. Kg1 b4 43. Rb5+ Kd4 44. Rxh5 b3 45. Rb5 Kc4 46. Rb8 Rd2 47. h5 Rd5 48. h6 Rh5 49. Rc8+ 1-0

[Event "*** Titled Tuesday Blitz"]
[Site "Chess.com"]
[Date "2020.04.21"]
[Round "4"]
[White "kpio91"]
[Black "DrVitman"]
[Result "1-0"]
[WhiteElo "2777"]
[BlackElo "2535"]
[TimeControl "180+1"]
[EndTime "10:40:56 PDT"]
[Termination "kpio91 won on time"]

1. Nf3 Nf6 2. d4 g6 3. g3 Bg7 4.
Bg2 O-O 5. O-O d6 6. a4 c6 7.
a5 Bf5 8. b4 Na6 9. c3 Qc8 10.
Re1 Bh3 11. e4 Bxg2 12. Kxg2 Nc7 13. Nbd2 Nd7 14. Qb3 b5 15. c4 Rb8 16. Rb1 c5 17. bxc5 dxc5 18. d5 Qa6 19. Qa2 bxc4 20. Rxb8 Rxb8 21.
Nxc4 Rb4 22. Nfd2 Nb5 23. Re3 Nd6 24. Nxd6 exd6 25. Qc2 Qxa5 26. Ra3 Qc7 27. Qa2 Rb7 28.
Nc4 Ne5 29. Na5 Rb5 30. Bf4 h5 31. Bxe5 Bxe5 32. Nc4 a5 33. Rxa5 Rxa5 34. Qxa5 Qe7 35. Qd2 h4 36. f4 Bd4 37. Qd3 hxg3 38. hxg3 Kg7 39. Kf3 Qd8 40. Kg2 Qe7 41. Qe2 Qd7 42. Qf3 f6 43. Qe2 Qb5 44. Qd3 Qa6 45. Kh3 Qa1 46.
Qe2 Qh1+ 47. Qh2 Qxe4 48. Qa2 1-0

[Event "*** Titled Tuesday Blitz"]
[Site "Chess.com"]
[Date "2020.04.21"]
[Round "4"]
[White "MasterKroket"]
[Black "ferdipy"]
[Result "1/2-1/2"]
[WhiteElo "2426"]
[BlackElo "2218"]
[TimeControl "180+1"]
[EndTime "10:40:56 PDT"]
[Termination "Game drawn by repetition"]

1. d4 e5 2. dxe5 d6 3. exd6 Bxd6 4. Nf3 Nc6 5. Nc3 Bg4 6. Nb5 Bb4+ 7. c3 Qxd1+ 8. Kxd1 O-O-O+ 9. Bd2 Be7 10. h3 Bh5 11. g4 Bg6 12. Bg2 Nf6 13. Ke1 h5 14. g5 Ne4 15.
Be3 Bc5 16. Bxc5 Nxc5 17. Nfd4 Nxd4 18. Nxd4 Rhe8 19. f4 Nd3+ 20. Kf1 Nxf4 21. Bf3 c5 22. Nb3 b6 23. Kf2 Re5 24. h4 Rde8 25. Rhe1 Kc7 26. a4 a5 27. Nd2 Rd8 28. Nc4 Re7 29. b4 axb4 30. cxb4 Be4 31. a5 bxa5 32. bxc5 Bxf3 33. Kxf3 Nd5 34. Rxa5 Rb8 35. Rd1 Nc3 36. Ra7+ Rb7 37.
Rxb7+ Kxb7 38. Rd3 Nxe2 39. Nd6+ Kc6 40. Nf5 Re5 41.
Nxg7 Kxc5 42. Nxh5 Nd4+ 43. Kf4 Re1 44. Nf6 Rf1+ 45.
Kg4 Rg1+ 46. Kh5 Rh1 47. Rc3+ Kd6 48. Ne4+ Ke5 49. Ng3 Rh3 50. Rd3 Nf5 51. Nxf5 Rxd3 52. Nh6 Ke6 53. Kg4 Rd4+ 54. Kh5 Rd3 55. Kg4 Rd4+ 56. Kh5 Rd3 1/2-1/2

[Event "*** Titled Tuesday Blitz"]
[Site "Chess.com"]
[Date "2020.04.21"]
[Round "4"]
[White "Bigfish1995"]
[Black "albi1999"]
[Result "1-0"]
[WhiteElo "3062"]
[BlackElo "2594"]
[TimeControl "180+1"]
[EndTime "10:40:57 PDT"]
[Termination "Bigfish1995 won by resignation"]

1. e4 e5 2. Nf3 Nc6 3. Bc4 Bc5 4.
b4 Bxb4 5. c3 Be7 6. d4 Na5 7.
Nxe5 Nxc4 8. Nxc4 d5 9. exd5 Nf6 10. Qa4+ Bd7 11. Qb3 Nxd5 12. Qxb7 Nb6 13. Ne5 O-O 14. O-O Be6 15. Nc6 Qd7 16. Nxe7+ Qxe7 17. Ba3 Qg5 18.
Qxc7 Rfc8 19. Qg3 Qxg3 20. hxg3 Na4 21. Rc1 Rc6 22. f3 h6 23. g4 Rac8 24. Bb4 Ra8 25. Ba5 Rac8 26. Kf2 Kh7 27. Rc2 f5 28. d5 Bxd5 29.
gxf5 Rf8 30. g4 g6 31. Bb4 Rf7 32.
Rd2 Nb6 33. Ba5 Rc5 34. Bxb6 axb6 35. fxg6+ Kxg6 36. Rd3 Rb5 37. Nd2 Bb7 38. Rd6+ Kh7 39. Rh1 Rb2 40. Rhxh6+ Kg7 41. Rhg6+ Kf8 42. Kg3 Rxa2 43.
Rgf6 Rxf6 44. Rxf6+ Ke7 45. Rxb6 Bd5 46. c4 Rxd2 47. cxd5 Rxd5 48. Rb4 Kf6 49. Re4 Kg6 50. f4 1-0

[Event "*** Titled Tuesday Blitz"]
[Site "Chess.com"]
[Date "2020.04.21"]
[Round "4"]
[White "MichailovM"]
[Black "Vamostodorecto"]
[Result "0-1"]
[WhiteElo "2300"]
[BlackElo "2486"]
[TimeControl "180+1"]
[EndTime "10:40:57 PDT"]
[Termination "Vamostodorecto won on time"]

1. e4 e5 2. Nf3 Nc6 3. Bb5 a6 4. Ba4 Nf6 5. O-O Be7 6. Re1 b5 7. Bb3 d6 8. c3 O-O 9. h3 Na5 10. Bc2 c5 11. d4 Nd7 12. Nbd2 exd4 13. cxd4 Nc6 14. d5 Nce5 15. Nh2 c4 16. Ndf1 Bf6 17. f4 Ng6 18. Ng4 Nc5 19. Rb1 b4 20. Nxf6+ Qxf6 21. Qf3 a5 22. Be3 b3 23. axb3 cxb3 24. e5 Nxe5 25.
Bxh7+ Kxh7 26. Qh5+ Qh6 27. Qxh6+ gxh6 28. fxe5 Nd3 29.
Red1 Nxe5 30. Rbc1 a4 31. Bd4 Rg8 32. Kf2 a3 33. bxa3 Rxa3 34. Bxe5 dxe5 35. Rc7 Ra2+ 36.
Ke3 b2 37. Nd2 Rxg2 38. Nb1 Bxh3 39. Rxf7+ Kg6 40. Rb7 Bf5 41. Nc3 Rg3+ 42. Kf2 Rxc3 43. Rg1+ Kf6 44. Rb6+ Ke7 0-1